[Event "Romanian-ch Youth Open U18 2024"]
[Site "Eforie Nord"]
[Date "2024.04.12"]
[Round "1.1"]
[White "Nedelcu, Teodor-Cosmin"]
[Black "Dinca, Radu"]
[Result "1-0"]
[ECO "D60"]
[WhiteElo "2306"]
[BlackElo "1929"]
[Annotator "RC"]
[PlyCount "165"]
[EventDate "2024.04.10"]
[EventType "swiss"]
[EventCountry "ROU"]
[SourceTitle "playchess.com"]
[Source "ChessBase"]
[SourceQuality "1"]
[TimeControl "5400+30"]

1. d4 Nf6 2. c4 e6 3. Nc3 d5 4. Bg5 Be7 5. e3 O-O 6. Nf3 Nbd7 7. Bd3 h6 8. Bh4 b6 9. cxd5 Nxd5 10. Bxe7 Qxe7 11. Rc1 Nxc3 12. Rxc3 c5 13. Bb5 Rd8 14. Bc6 Rb8 15. Qe2 Qd6 16. Bxd7 Bxd7 17. O-O cxd4 18. Nxd4 e5 19. Nb3 Be6 20. h3 a5 21. Qb5 Bd7 22. Qa6 Bc8 23. Qc4 Be6 24. Qe4 Bd5 25. Qc2 a4 26. Nc1 b5 27. Rd1 Qe7 28. e4 Be6 29. a3 Rxd1+ 30. Qxd1 Bc4 31. Rc2 Rd8 32. Rd2 Rxd2 33. Qxd2 Qc5 34. Ne2 Bxe2 35. Qxe2 Kf8 36. Kh2 g6 37. Kg3 h5 38. Kf3 Ke7 39. Qd3 Kf6 40. Qd8+ Ke6 41. g4 hxg4+ 42. hxg4 Qc4 43. g5 Qb3+ 44. Kg2 Qxb2 45. Qf6+ Kd7 46. Qxf7+ Kc6 47. Qxg6+ Kc5 48. Qf7 Qe2 49. Qd5+ Kb6 50. Kg3 Qe1 51. Qxe5 Qg1+ 52. Kf3 Qd1+ 53. Kf4 Qc1+ 54. Kg4 Qc8+ 55. Qf5 Qxf5+ 56. Kxf5 b4 57. axb4 a3 58. g6 a2 59. g7 a1=Q 60. g8=Q Qd1 61. Qe6+ Kc7 62. Qe5+ Kc8 63. Qe8+ Kc7 64. f4 Qd3 65. Qe5+ Kc8 66. Qc5+ Kb8 67. Ke6 Qb3+ 68. Qd5 Qg3 69. Qd8+ Kb7 70. f5 Qh3 71. Qd5+ Kc7 72. Qc5+ Kd8 73. Qf8+ Kc7 74. e5 Qg4 75. Qe7+ Kc8 76. Qd7+ Kb8 77. b5 Qg8+ 78. Qf7 Qc8+ 79. Kf6 Qh8+ 80. Qg7 Qd8+ 81. Kg6 Qe8+ 82. Qf7 Qxe5 83. Qg8+ 1-0

[Event "Romanian-ch Youth Open U18 2024"]
[Site "Eforie Nord"]
[Date "2024.04.12"]
[Round "1.2"]
[White "Dima, Ioan-Radu"]
[Black "Filip, Andrei"]
[Result "0-1"]
[ECO "E15"]
[WhiteElo "1913"]
[BlackElo "2299"]
[Annotator "RC"]
[PlyCount "86"]
[EventDate "2024.04.10"]
[EventType "swiss"]
[EventCountry "ROU"]
[SourceTitle "playchess.com"]
[Source "ChessBase"]
[SourceQuality "1"]
[TimeControl "5400+30"]

1. d4 Nf6 2. c4 e6 3. Nf3 b6 4. g3 Ba6 5. b3 Bb4+ 6. Bd2 Be7 7. Bg2 d5 8. O-O O-O 9. Bf4 dxc4 10. Nc3 cxb3 11. axb3 Bb7 12. Qc2 Nc6 13. Nb5 Nd5 14. Ne5 Ncb4 15. Qc4 a6 16. Na3 b5 17. Qc1 Nxf4 18. Qxf4 Bxg2 19. Kxg2 Qd5+ 20. Nf3 Qxb3 21. Rfb1 Qd5 22. Qxc7 Nc6 23. Qf4 g5 24. e4 gxf4 25. exd5 exd5 26. gxf4 Bd6 27. f5 Rfe8 28. Nc2 Bf4 29. Nce1 f6 30. Nd3 Bd6 31. Rc1 Ne7 32. Nh4 a5 33. Kf3 a4 34. Rab1 Reb8 35. Nc5 Bxc5 36. Rxc5 a3 37. Rc7 a2 38. Ra1 Kf8 39. Ng2 Nxf5 40. Nf4 Nxd4+ 41. Ke3 Nf5+ 42. Kd2 Ne7 43. Nh5 b4 0-1

[Event "Romanian-ch Youth Open U18 2024"]
[Site "Eforie Nord"]
[Date "2024.04.13"]
[Round "2.1"]
[White "Veress, Armand"]
[Black "Nedelcu, Teodor-Cosmin"]
[Result "0-1"]
[ECO "C00"]
[WhiteElo "2098"]
[BlackElo "2306"]
[Annotator "RC"]
[PlyCount "60"]
[EventDate "2024.04.10"]
[EventType "swiss"]
[EventCountry "ROU"]
[SourceTitle "playchess.com"]
[Source "ChessBase"]
[SourceQuality "1"]
[TimeControl "5400+30"]

1. e4 c5 2. Nf3 e6 3. g3 Nc6 4. Bg2 Nf6 5. Qe2 Be7 6. e5 Nd5 7. O-O O-O 8. c4 Nc7 9. d3 b6 10. Nc3 Bb7 11. Ne4 f6 12. exf6 Bxf6 13. Bf4 e5 14. Nxf6+ Qxf6 15. Nxe5 Nd4 16. Qg4 Bxg2 17. Kxg2 Nce6 18. Nxd7 Nxf4+ 19. gxf4 Qc6+ 20. f3 h5 21. Qh3 Ne6 22. Ne5 Nxf4+ 23. Kh1 Qd6 24. Qd7 Qxe5 25. Rae1 Qxb2 26. Rg1 Rf7 27. Re8+ Rxe8 28. Qxe8+ Rf8 29. Qd7 a5 30. a4 Qf6 0-1

[Event "Romanian-ch Youth Open U18 2024"]
[Site "Eforie Nord"]
[Date "2024.04.13"]
[Round "2.2"]
[White "Filip, Andrei"]
[Black "Nastore, Pavel-Alexandru"]
[Result "1/2-1/2"]
[ECO "B92"]
[WhiteElo "2299"]
[BlackElo "2189"]
[Annotator "RC"]
[PlyCount "43"]
[EventDate "2024.04.10"]
[EventType "swiss"]
[EventCountry "ROU"]
[SourceTitle "playchess.com"]
[Source "ChessBase"]
[SourceQuality "1"]
[TimeControl "5400+30"]

1. e4 c5 2. Nf3 d6 3. d4 cxd4 4. Nxd4 Nf6 5. Nc3 a6 6. Be2 e5 7. Nb3 Be7 8. Be3 O-O 9. O-O Be6 10. Nd5 Nbd7 11. Qd3 Bxd5 12. exd5 e4 13. Qd2 Ne5 14. Qd4 Qd7 15. Nd2 Qf5 16. c4 Rfe8 17. f3 exf3 18. Nxf3 Bd8 19. Kh1 Nfd7 20. Nd2 Qg6 21. Qf4 Bb6 22. Bxb6 1/2-1/2

[Event "Romanian-ch Youth Open U18 2024"]
[Site "Eforie Nord"]
[Date "2024.04.13"]
[Round "3.1"]
[White "Nedelcu, Teodor-Cosmin"]
[Black "Sachilaru, Alexandru"]
[Result "0-1"]
[ECO "E70"]
[WhiteElo "2306"]
[BlackElo "2203"]
[Annotator "RC"]
[PlyCount "69"]
[EventDate "2024.04.10"]
[EventType "swiss"]
[EventCountry "ROU"]
[SourceTitle "playchess.com"]
[Source "ChessBase"]
[SourceQuality "1"]
[TimeControl "5400+30"]

1. d4 Nf6 2. c4 g6 3. Nc3 Bg7 4. e4 d6 5. Bd3 O-O 6. Nge2 a6 7. O-O c6 8. f4 b5 9. e5 Ne8 10. Be3 Nc7 11. Qc2 Nd7 12. c5 Bb7 13. a3 Nd5 14. Nxd5 cxd5 15. b4 dxe5 16. fxe5 Bc6 17. h4 e6 18. g3 f6 19. exf6 Nxf6 20. Bg5 Qd7 21. Rae1 Ne4 22. Bf4 Rf7 23. Bxe4 dxe4 24. Bd6 Rf3 25. Kh2 Qf7 26. Nf4 Bxd4 27. Qe2 e5 28. Nh3 Bd5 29. Bxe5 Bxe5 30. Rxf3 exf3 31. Qxe5 f2 32. Rf1 Re8 33. Qc3 Re1 34. Qd3 Qf5 35. Nxf2 0-1

[Event "Romanian-ch Youth Open U18 2024"]
[Site "Eforie Nord"]
[Date "2024.04.13"]
[Round "3.2"]
[White "Creanga, Robert-Ionut"]
[Black "Filip, Andrei"]
[Result "1/2-1/2"]
[ECO "E48"]
[WhiteElo "2284"]
[BlackElo "2299"]
[Annotator "RC"]
[PlyCount "101"]
[EventDate "2024.04.10"]
[EventType "swiss"]
[EventCountry "ROU"]
[SourceTitle "playchess.com"]
[Source "ChessBase"]
[SourceQuality "1"]
[TimeControl "5400+30"]

1. d4 Nf6 2. c4 e6 3. Nc3 Bb4 4. e3 O-O 5. Bd3 Re8 6. Nge2 d5 7. O-O Bf8 8. Qc2 Nbd7 9. e4 dxe4 10. Nxe4 Nxe4 11. Bxe4 Nf6 12. Bf3 c5 13. Rd1 cxd4 14. Nxd4 Qe7 15. Bg5 a6 16. Rac1 e5 17. Nf5 Qe6 18. Ng3 h6 19. Bxf6 Qxf6 20. c5 Rb8 21. Ne4 Qe7 22. Nd6 Rd8 23. Bd5 Be6 24. Qe4 Bxd5 25. Rxd5 f6 26. Rcd1 Qc7 27. b4 Qc6 28. Qc4 Kh7 29. Qc2+ Kg8 30. a4 Bxd6 31. Rxd6 Rxd6 32. Rxd6 Qe8 33. Qd1 e4 34. Qb3+ Kh8 35. Re6 Qf7 36. Qd5 Re8 37. Rxe8+ Qxe8 38. Qxb7 e3 39. Kf1 exf2 40. Kxf2 Qxa4 41. Qa8+ Kh7 42. Qe4+ Kh8 43. c6 Qd1 44. h4 Qd2+ 45. Kg1 Qc1+ 46. Kh2 f5 47. Qf3 Qc4 48. g3 Qc2+ 49. Kh3 Qc4 50. h5 Kg8 51. Kh2 1/2-1/2

[Event "Romanian-ch Youth Open U18 2024"]
[Site "Eforie Nord"]
[Date "2024.04.14"]
[Round "4.1"]
[White "Sachilaru, Alexandru"]
[Black "Creanga, Robert-Ionut"]
[Result "1/2-1/2"]
[ECO "B13"]
[WhiteElo "2203"]
[BlackElo "2284"]
[Annotator "RC"]
[PlyCount "46"]
[EventDate "2024.04.10"]
[EventType "swiss"]
[EventCountry "ROU"]
[SourceTitle "playchess.com"]
[Source "ChessBase"]
[SourceQuality "1"]
[TimeControl "5400+30"]

1. e4 c6 2. d4 d5 3. exd5 cxd5 4. Bd3 Nc6 5. c3 Nf6 6. Bf4 Bg4 7. Qb3 Qd7 8. Nd2 e6 9. Ngf3 Bd6 10. Bxd6 Qxd6 11. O-O O-O 12. Rfe1 Ne7 13. Ne5 Bf5 14. Bf1 Qc7 15. Rac1 Rac8 16. Qd1 h6 17. g4 Bh7 18. h4 Nd7 19. Nxd7 Qxd7 20. Nf3 Qd6 21. Qd2 Be4 22. Nh2 Bh7 23. Nf3 Be4 1/2-1/2

[Event "Romanian-ch Youth Open U18 2024"]
[Site "Eforie Nord"]
[Date "2024.04.14"]
[Round "4.2"]
[White "Veress, Armand"]
[Black "Nastore, Pavel-Alexandru"]
[Result "0-1"]
[ECO "B52"]
[WhiteElo "2098"]
[BlackElo "2189"]
[Annotator "TA"]
[PlyCount "58"]
[EventDate "2024.04.10"]
[EventType "swiss"]
[EventCountry "ROU"]
[SourceTitle "playchess.com"]
[Source "ChessBase"]
[SourceQuality "1"]
[TimeControl "5400+30"]

1. e4 c5 2. Nf3 d6 3. Bb5+ Bd7 4. Bxd7+ Nxd7 5. O-O Ngf6 6. Qe2 e6 7. d4 cxd4 8. Nxd4 a6 9. c4 Rc8 10. b3 Be7 {[%emt 0:00:30] White has an edge.} 11. Bb2 Qa5 12. Nc3 g5 13. Nd5 exd5 14. exd5 {[%emt 0:00:09] Nf5 would now be deadly.} Ne5 15. f4 (15. Nf5 Nfd7 $14) 15... gxf4 16. Rxf4 Kd8 17. Raf1 {[%emt 0:01:00] [#]} (17. Qf1 $1 $11 Nfd7 18. Rxf7) 17... Re8 $1 $17 18. Rxf6 $4 {[%emt 0:08:33][%mdl 8192] White does not recover from this.} (18. Nf5 $17 {is a better chance.} Bf8 19. Bxe5) 18... Bxf6 $19 {[%emt 0:00:14] Black is clearly winning.} 19. Rxf6 Nd7 (19... Qxa2 20. Rxd6+ Kc7 21. Ne6+ (21. Rf6 $2 Nf3+ 22. Qxf3 Qb1+ 23. Qf1 Re1 $19) 21... fxe6 22. Qxe5 Qb1+ 23. Kf2 Rf8+ 24. Ke3 $16) 20. Re6 fxe6 21. Nxe6+ {[%emt 0:00:16] [#]} Rxe6 $1 22. dxe6 Ne5 23. Qe4 Kc7 (23... Qxa2 24. Bxe5 Qxb3 (24... dxe5 25. Qd5+ Kc7 26. Qxe5+ Kb6 27. Qd4+ Rc5 28. e7 $11) 25. Qxh7 (25. Qh4+ Kc7 $11) 25... Qd1+ (25... dxe5 26. Qd7#) (25... Qe3+ 26. Kf1 $11) 26. Kf2 Qd2+ (26... dxe5 27. e7+ Kd7 28. Qf5+ Kxe7 29. Qxc8 $11) 27. Kf3 dxe5 (27... Qd1+ 28. Ke3 $11) 28. e7+ Ke8 29. Qg8+ Kxe7 30. Qxc8 $11) 24. h3 Kb8 ({Stronger than} 24... Qxa2 25. Bxe5 dxe5 26. Qxe5+ Kc6 27. Qd5+ Kc7 (27... Kb6 28. Qd4+ Kc7 29. Qe5+ Kc6 30. Qd5+ Kc7 31. Qe5+ $11) 28. Qe5+ Kc6 29. Qd5+ Kc7 (29... Kb6 30. Qd4+ Ka5 31. Qc3+ Kb6 32. Qe3+ Ka5 33. Qc3+ Kb6 34. Qd4+ Kc7 35. Qe5+ $11) 30. Qe5+ $11) 25. Bd4 Nc6 {[%emt 0:06:14] Threatens to win with ...Nxd4.} 26. Bf6 Re8 27. Kh2 Qh5 28. e7 Qf7 29. Qf5 Rxe7 {[%emt 0:00:17] Weighted Error Value: White=0.54/Black=0.09 (flawless) .  Loses game:     	White=1     	---        Mistake:       	White=1     	---        Inaccurate:     	White=2     	---        OK:         	White=4     	Black=9      Best:        	---       	Black=1      Strong:       	---       	Black=1      Brilliant:      	---       	Black=1} 0-1

[Event "Romanian-ch Youth Open U18 2024"]
[Site "Eforie Nord"]
[Date "2024.04.15"]
[Round "5.1"]
[White "Nastore, Pavel-Alexandru"]
[Black "Sachilaru, Alexandru"]
[Result "1/2-1/2"]
[ECO "B90"]
[WhiteElo "2189"]
[BlackElo "2203"]
[Annotator "TA"]
[PlyCount "71"]
[EventDate "2024.04.10"]
[EventType "swiss"]
[EventCountry "ROU"]
[SourceTitle "playchess.com"]
[Source "ChessBase"]
[SourceQuality "1"]
[TimeControl "5400+30"]

1. e4 c5 2. Nf3 d6 3. d4 cxd4 4. Nxd4 Nf6 5. Nc3 a6 6. Be3 e5 7. Nf3 Be7 8. Nd2 Qc7 9. Nc4 $1 Nbd7 {[%emt 0:01:52] Repels Nb6} 10. a4 b6 11. Be2 Bb7 12. f3 O-O 13. O-O Rfd8 14. Bf2 Nc5 (14... g6 $142) 15. Ne3 (15. b4 $16 Ncd7 16. Qd2) 15... Ne6 $14 16. Bc4 Nf4 17. b3 Rd7 18. Ncd5 N6xd5 19. Bxd5 Bxd5 20. Nxd5 Nxd5 21. Qxd5 Qb7 22. Rfd1 {[%emt 0:01:25] White has more active pieces.} Rc8 23. c4 Qxd5 24. Rxd5 ({Don't take} 24. cxd5 Bd8 $14) 24... Rb7 25. Kf1 f6 26. Ke2 Kf7 27. Kd3 Ke6 28. b4 Bd8 29. Rb1 Rd7 (29... g6 $14) 30. Be3 g6 31. Rb3 (31. g4 $16) 31... Rb7 32. Rc3 a5 33. Rb3 {[%emt 0:06:26] [#] bxa5 would now be deadly.} axb4 34. Rxb4 Rcb8 $1 35. Rdb5 Kd7 36. a5 {[%emt 0:00:37] Weighted Error Value: White=0.13 (very precise) /Black=0.12 (very precise) .  Mistake:       	White=2     	Black=2      Inaccurate:     	White=3     	Black=2      OK:         	White=8     	Black=7      Strong:       	White=1     	Black=1} 1/2-1/2

[Event "Romanian-ch Youth Open U18 2024"]
[Site "Eforie Nord"]
[Date "2024.04.16"]
[Round "6.1"]
[White "Nastore, Pavel-Alexandru"]
[Black "Creanga, Robert-Ionut"]
[Result "1-0"]
[ECO "B12"]
[WhiteElo "2189"]
[BlackElo "2284"]
[Annotator "TA"]
[PlyCount "65"]
[EventDate "2024.04.10"]
[EventType "swiss"]
[EventCountry "ROU"]
[SourceTitle "playchess.com"]
[Source "ChessBase"]
[SourceQuality "1"]
[TimeControl "5400+30"]

1. e4 c6 2. d4 d5 3. e5 c5 4. dxc5 e6 5. Nf3 Bxc5 6. a3 f6 7. b4 Be7 8. Bb2 $1 {[%emt 0:13:09] White is slightly better.} a5 9. b5 Nd7 10. c4 Nxe5 11. Nxe5 fxe5 12. Bxe5 Nf6 13. Nd2 O-O 14. Bd3 b6 15. O-O Bb7 16. Qe2 a4 17. Nf3 Ne4 {[%emt 0:23:54] Wards off Ng5} (17... Bc5 $11 {keeps the balance.}) 18. Nd4 $16 Qd7 19. Rad1 $40 {[%emt 0:10:17][%mdl 128] Black is in trouble.} Nc5 20. Bb1 {[%emt 0:04:27] Threatens to win with cxd5.} Bf6 21. Ba2 Ne4 {[%emt 0:03:18] [#]} 22. Nc6 Bxe5 $14 23. cxd5 Bxh2+ {[%emt 0:03:03] [#]} 24. Kh1 $1 $16 (24. Kxh2 Nc3 25. dxe6 (25. Qxe6+ Qxe6 26. dxe6 Nxa2 $11) 25... Qc7+ (25... Nxd1 26. exd7+ Kh8 27. Rxd1 h6 28. Ne5 Bxg2 29. Ng6+ Kh7 30. Nxf8+ Rxf8 31. Qc2+ g6 32. d8=Q Rxd8 33. Qc7+) 26. Qe5 Qxe5+ 27. Nxe5 Nxa2 $14) 24... Rxf2 $2 {[%emt 0:00:56][%mdl 8192] Loses the game.} 25. Qxe4 $18 Rxa2 26. dxe6 Qe8 27. e7 {[%emt 0:00:43] Intending Rd8 and mate.} Bf4 28. Qc4+ {White mates.} Kh8 29. Rd8 {Active counter play!} (29. Qxa2 $2 {loses.} Qh5+ 30. Kg1 Be3+ $19 (30... Qxb5 31. Rd8+) (30... Qxb5 31. Rd8+)) 29... Bxc6 30. Rxe8+ ({Not} 30. Qxa2 Rxd8 31. exd8=R (31. exd8=Q Qxd8 32. Rxf4 Bxb5 $18) 31... Qxd8 $18) 30... Bxe8 31. Qxa2 g5 32. Qd5 Rc8 33. Qd8 {Weighted Error Value: White=0.06 (flawless) /Black=0.49.  Loses game:     	---       	Black=1      Mistake:       	White=1     	Black=2      Inaccurate:     	White=1     	Black=2      OK:         	White=7     	Black=10     Best:        	White=2     	Black=1      Strong:       	White=2     	---} 1-0

[Event "Romanian-ch Youth Open U18 2024"]
[Site "Eforie Nord"]
[Date "2024.04.16"]
[Round "6.2"]
[White "Sachilaru, Alexandru"]
[Black "Filip, Andrei"]
[Result "1/2-1/2"]
[ECO "B47"]
[WhiteElo "2203"]
[BlackElo "2299"]
[Annotator "TA"]
[PlyCount "98"]
[EventDate "2024.04.10"]
[EventType "swiss"]
[EventCountry "ROU"]
[SourceTitle "playchess.com"]
[Source "ChessBase"]
[SourceQuality "1"]
[TimeControl "5400+30"]

1. e4 c5 2. Nf3 e6 3. d4 cxd4 4. Nxd4 Nc6 5. Nc3 Qc7 6. Nxc6 dxc6 7. Bd3 e5 8. O-O Nf6 9. Qe2 Be7 10. f4 Bd6 11. f5 h5 12. Nd1 Bc5+ 13. Be3 Qb6 14. Kh1 Bd7 15. a4 {[%emt 0:06:10] [#] a5 would now be deadly.} Bxe3 16. Nxe3 h4 17. Nc4 Qc5 18. Qf2 ({White should play} 18. Qe1 $14) 18... Qe7 (18... Nxe4 $1 $11 19. Qxc5 Nxc5) 19. Qe3 c5 20. Rfd1 Rd8 21. Be2 {[%emt 0:04:13] Strongly threatening Nd6+.} O-O 22. Bf3 Bc6 (22... Bxa4 $5 23. Rxd8 (23. Rxa4 Rxd1+ 24. Bxd1 b5 $17) 23... Rxd8 24. Rxa4 b5 $15) 23. b3 b6 24. Kg1 Rfe8 25. Rxd8 Rxd8 26. Re1 Nh7 27. h3 Bb7 28. Be2 Qg5 (28... Nf6 $5) 29. Bd3 Qxe3+ (29... Qf6 $1 $11) 30. Rxe3 $14 f6 31. Nd2 ({White should try} 31. g3 $14) 31... Ng5 $11 {[%emt 0:00:35][%cal Og7g6] The position is equal.} 32. Kf2 Rd4 33. c3 Rd8 34. Ke2 Kf8 35. Nf3 Nxf3 36. Kxf3 {[%emt 0:00:29][%mdl 4096] Endgame. KRB-KRB} Ke7 (36... g6 $5 37. Kg4 (37. fxg6 $2 {perishes.} f5 $19) 37... gxf5+ 38. exf5 Bxg2 $11) 37. Kg4 Rh8 38. Bc4 Bc8 39. Kf3 Rh6 40. Bd5 g6 41. fxg6 Rxg6 42. Kf2 Rg5 43. g4 hxg3+ 44. Rxg3 Rh5 45. Rg7+ Kd6 46. Rg6 Rxh3 47. Rxf6+ Ke7 48. Rf7+ Kd6 49. Rf6+ Ke7 {[%emt 0:00:07] Weighted Error Value: White=0.11 (very precise) /Black=0.10 (very precise) .  Mistake:       	White=2     	Black=2      Inaccurate:     	White=2     	Black=2      OK:         	White=18    	Black=12     Best:        	White=1     	Black=5} 1/2-1/2

[Event "Romanian-ch Youth Open U18 2024"]
[Site "Eforie Nord"]
[Date "2024.04.17"]
[Round "7.1"]
[White "Nedelcu, Teodor-Cosmin"]
[Black "Nastore, Pavel-Alexandru"]
[Result "1/2-1/2"]
[ECO "D57"]
[WhiteElo "2306"]
[BlackElo "2189"]
[Annotator "TA"]
[PlyCount "48"]
[EventDate "2024.04.10"]
[EventType "swiss"]
[EventCountry "ROU"]
[SourceTitle "playchess.com"]
[Source "ChessBase"]
[SourceQuality "1"]
[TimeControl "5400+30"]

1. d4 d5 2. c4 e6 3. Nc3 Be7 4. Nf3 Nf6 5. Bg5 O-O 6. e3 h6 7. Bh4 Ne4 8. Bxe7 Qxe7 9. cxd5 Nxc3 10. bxc3 exd5 11. Be2 Be6 12. O-O c5 13. Rc1 Rd8 14. Qb3 c4 15. Qb1 Nc6 16. Nd2 Rab8 17. e4 b5 18. exd5 Bxd5 19. Rfe1 Qg5 {[%emt 0:09:57][%csl Gd5,LRd2,LRg2][%cal Rg5g2] [#]} 20. Ne4 Qg6 21. Bf3 (21. Bf1 $15) 21... b4 $17 {[%emt 0:00:57] Hoping for ...bxc3.} 22. Qb2 {[%emt 0:00:43] [#]} Re8 (22... bxc3 $1 $17 23. Qxc3 Nb4) 23. Nf6+ $1 $11 Qxf6 24. Bxd5 bxc3 {[%emt 0:04:36] Weighted Error Value: White=0.18 (very precise) /Black=0.18 (very precise) .  Mistake:       	White=1     	Black=1      Inaccurate:     	White=2     	---        OK:         	White=2     	Black=3      Best:        	White=1     	Black=4      Strong:       	White=1     	---} 1/2-1/2

[Event "Romanian-ch Youth Open U18 2024"]
[Site "Eforie Nord"]
[Date "2024.04.17"]
[Round "7.2"]
[White "Veress, Armand"]
[Black "Sachilaru, Alexandru"]
[Result "1/2-1/2"]
[ECO "E90"]
[WhiteElo "2098"]
[BlackElo "2203"]
[Annotator "TA"]
[PlyCount "104"]
[EventDate "2024.04.10"]
[EventType "swiss"]
[EventCountry "ROU"]
[SourceTitle "playchess.com"]
[Source "ChessBase"]
[SourceQuality "1"]
[TimeControl "5400+30"]

1. d4 Nf6 2. c4 g6 3. Nc3 Bg7 4. e4 d6 5. Nf3 O-O 6. h3 e5 7. d5 a5 8. Bd3 Na6 9. O-O Bd7 10. Bc2 c6 11. dxc6 Bxc6 12. Qe2 Nc5 13. Rd1 Qe7 14. b3 Nh5 15. g3 Rae8 16. Be3 Ne6 17. Nd5 Qd7 18. c5 f5 19. exf5 $2 (19. Nb6 $11 {and White is okay.} Qf7 20. Ng5 (20. cxd6 f4 $17) 20... Nxg5 21. Bxg5 dxc5 22. b4 Kh8 (22... cxb4 $2 23. Bb3 $18)) 19... Nd4 $1 $19 20. Nxd4 (20. Bxd4 exd4 21. Qc4 Qf7 $19 (21... gxf5 $2 22. Nf6+ Kh8 23. Nxd7 $18)) 20... exd4 21. Qc4 (21. fxg6 $2 dxe3 (21... Qxh3 $2 22. gxh7+ Kh8 23. Qf1 $19) 22. gxh7+ Kh8 $19) 21... Qf7 (21... dxe3 $2 22. Nf6+ Kh8 23. Nxd7 $18) 22. fxg6 $2 (22. Rxd4 {is a better defense.} Bxd4 23. fxg6 hxg6 (23... Qxd5 $2 24. Qxd5+ Bxd5 25. gxh7+ Kf7 26. Bxd4 $19) 24. Bxg6 Qxd5 25. Bxd4 Qxc4 26. bxc4 Nxg3 27. Bxe8 Ne2+ 28. Kf1 Rxe8 (28... Nxd4 29. Bxc6 bxc6 30. cxd6 $17) 29. Be3 Ng3+ 30. Ke1) 22... Qxd5 $2 (22... hxg6 23. Bxg6 Qe6 (23... Qxd5 24. Qxd5+ Bxd5 25. Bxe8 $11) 24. Rxd4 (24. Bxh5 $2 Bxd5 $19) 24... Bxd4 (24... Qxg6 $2 25. Ne7+ Kh7 26. Nxg6 $18) 25. Bxe8 Bxd5 (25... Bxa1 $2 26. Ne7+ Kg7 27. Qxe6 $18) 26. Qxd4 $17) (22... Qf3 23. gxh7+ (23. Bxd4 $2 Bxd5 24. gxh7+ Kh8 $19) 23... Kh8 24. Bxd4 Bxd5 25. Qxd5 Re1+ 26. Rxe1 Qxd5 27. Bxg7+ Kxg7 (27... Nxg7 $2 28. Rad1 $19) 28. Re7+ Kh8) 23. Qxd5+ Bxd5 24. gxh7+ Kh8 25. Bxd4 $2 {[%emt 0:00:10] [#]} (25. cxd6 $2 dxe3 26. fxe3 Bc6 $19 (26... Rxe3 $2 27. Rxd5 Rxg3+ 28. Kh1 $19)) (25. Rxd4 Bf3 (25... Bxd4 26. Bxd4+ Ng7 27. cxd6 $17) 26. cxd6 Nxg3 (26... Bxd4 27. Bxd4+ Ng7 28. Bb6 $15) 27. Re1 Ne2+ (27... Bxd4 28. Bxd4+) 28. Rxe2 Bxe2 29. Ra4) 25... Bxd4 $2 (25... Re1+ $1 $19 26. Rxe1 Bxd4) 26. Rxd4 $11 Nf6 (26... Re2 $11 {keeps the balance.} 27. Rxd5 Rfxf2 28. Rxh5 Rg2+ 29. Kf1 Ref2+ 30. Ke1 Rxc2) 27. cxd6 $16 Rd8 (27... Bc6 $1 $14) 28. g4 $16 Rxd6 29. g5 ({But not} 29. Rad1 Rc6 30. Bf5 Rc5 $16) 29... Nh5 {[%emt 0:02:05] [#]} 30. Rad1 (30. Be4 $1 $16 Nf4 31. Kh2) 30... Nf4 $11 31. Kh2 Ne2 $2 (31... Re6 $1 $11 {and Black stays safe.}) 32. Rxd5 $18 Rxf2+ 33. Kh1 Rxd5 34. Rxd5 Ng3+ 35. Kg1 Rxc2 36. g6 Rc8 37. Re5 ({Not} 37. Rxa5 Ne2+ 38. Kh1 Nf4 $16) 37... Rf8 38. g7+ $2 (38. Rxa5 Nf5 $16) (38. h4 $18) 38... Kxg7 $14 39. Rg5+ ({Weaker is} 39. Rxa5 Ne2+ (39... Kxh7 $2 40. Rb5 $17) 40. Kg2 Kxh7 $17) 39... Kxh7 40. Rxg3 Rc8 41. Kh2 (41. a4 $16) 41... Rc2+ $11 42. Rg2 Rc3 $1 43. Rd2 b5 44. Rd5 Rc2+ 45. Kg3 Rxa2 46. Rxb5 a4 47. b4 a3 48. Kg4 Rb2 49. Kh5 a2 50. Rb7+ Kg8 51. Ra7 Rxb4 52. Rxa2 Rb5+ 1/2-1/2

[Event "Romanian-ch Youth Open U18 2024"]
[Site "Eforie Nord"]
[Date "2024.04.18"]
[Round "8.2"]
[White "Nedelcu, Teodor-Cosmin"]
[Black "Creanga, Robert-Ionut"]
[Result "1-0"]
[ECO "E00"]
[WhiteElo "2306"]
[BlackElo "2284"]
[Annotator "TA"]
[PlyCount "121"]
[EventDate "2024.04.10"]
[EventType "swiss"]
[EventCountry "ROU"]
[SourceTitle "playchess.com"]
[Source "ChessBase"]
[SourceQuality "1"]
[TimeControl "5400+30"]

1. d4 Nf6 2. c4 e6 3. a3 d5 4. Nd2 c5 5. e3 cxd4 6. exd4 Nc6 7. Ngf3 g6 8. b4 {[%emt 0:01:21] The position is equal.} Bg7 9. Bb2 O-O 10. c5 a6 11. Bd3 Nh5 12. O-O f6 13. Re1 Re8 14. Qb3 Kh8 (14... Nf4 $14) 15. a4 e5 16. dxe5 fxe5 17. b5 {[%emt 0:00:50] White is more active.} Na5 {[%emt 0:02:06] This move loses the game for Black.} (17... axb5 $14 18. axb5 Rxa1 19. Rxa1 (19. Bxa1 Na5 $16) 19... e4) 18. Qb4 $1 $18 e4 {[%emt 0:00:48] [#]} 19. Bxe4 dxe4 20. Nxe4 {[%emt 0:00:35][%cal Bd2e4,Be4d6,Bd6c4][%mdl 32] Hoping for Nd6.} axb5 21. axb5 {[%emt 0:04:28] Nd6 is the strong threat.} Rf8 22. Nd6 {[%emt 0:02:15][%cal Of3g5] Black must now prevent Ng5!} Bxb2 23. Qxb2+ Qf6 {[%emt 0:00:29] [#]} 24. Qxf6+ Nxf6 {[%emt 0:00:27] [#]} 25. Nc4 $1 Bd7 26. Rxa5 Rac8 $2 (26... Rxa5 27. Nxa5 Bxb5 28. Nxb7 Rb8) 27. b6 Bc6 28. Nd6 Ra8 29. Rxa8 Rxa8 30. Ne5 {[%emt 0:03:42] Strongly threatening Nxc6.} Bd5 31. h3 Kg7 32. Nd3 Kf8 33. Nb4 Bc6 34. Nxc6 bxc6 {[%emt 0:00:03][%mdl 4096] Endgame. KRN-KRN} 35. Re6 Nd7 36. Ne4 Rc8 37. Kh2 Kf7 38. b7 Rc7 39. Ng5+ ({But not} 39. Rxc6 $2 Rxc6 40. Kg3 Rc7 $19 (40... Nxc5 $2 {is the wrong capture.} 41. Ng5+ Ke8 42. b8=Q+ $18)) 39... Kf8 40. Nxh7+ Kf7 41. Ng5+ Kf8 42. Rxg6 {[%emt 0:00:05] Ne6+ would kill now.} Rxb7 43. Rxc6 Rb5 44. Rc7 Ke8 45. c6 Ne5 46. f4 Ng6 47. Rg7 {[%emt 0:00:32] White mates.} Ne7 48. Ne4 Nxc6 49. Nd6+ Kf8 50. Nxb5 Kxg7 {[%emt 0:00:05] KN-KN} 51. g4 Ne7 52. Kg3 Nd5 53. h4 Kg6 54. h5+ Kf6 55. Nd4 Ne3 56. g5+ Kf7 57. f5 Nd5 58. h6 Ne7 59. Kf4 Nd5+ 60. Ke5 Ne7 61. h7 {[%emt 0:00:42] Weighted Error Value: White=0.06 (flawless) /Black=0.37.  Mistake:       	---       	Black=3      Inaccurate:     	White=2     	Black=4      OK:         	White=15    	Black=9      Best:        	---       	Black=3      Strong:       	White=2     	---} 1-0